 Dungeon Crawl Stone Soup version 0.14-a0-40-g75911bd (webtiles) character file.

2255 Sachiko the Grappler (level 9, -4/79 (83) HPs)
             Began as a Troll Monk on Sept 28, 2013.
             Killed from afar by an orc wizard (5 damage)
             ... with a puff of flame
             ... on Level 7 of the Dungeon.
             The game lasted 00:22:33 (6084 turns).

Sachiko the Grappler (Troll Monk)                   Turns: 6084, Time: 00:22:34

HP  -4/79 (83)   AC  7     Str 20 (21) XL: 9   Next:  8%
MP   3/3         EV 12     Int  8      God:
Gold 126         SH  0     Dex 13      Spells:  0 memorised,  8 levels left

Res.Fire  : . . .   See Invis. : .     - Unarmed
Res.Cold  : . . .   Warding    : .   a - +0 robe (curse)
Life Prot.: . . .   Conserve   : .   (shield restricted)
Res.Poison: .       Res.Corr.  : .   d - +1 wizard hat
Res.Elec. : .       Clarity    : .   r - +0 cloak
Sust.Abil.: . .     Spirit.Shd : .   (gloves unavailable)
Res.Mut.  : .       Stasis     : .   (boots unavailable)
Res.Rott. : .       Flight     : .   (no amulet)
Gourmand  : +                        (no ring)
                                     e - cursed ring of sustenance

@: about to teleport, slightly resistant to hostile enchantments, unstealthy
A: unfitting armour, claws 3, fast metabolism 3, gourmand, regeneration 2,
saprovore 2, tough skin 2, AC +1
a: no special abilities


You were on level 7 of the Dungeon.
You were completely stuffed.

You visited 2 branches of the dungeon, and saw 8 of its levels.

You collected 336 gold pieces.
You spent 210 gold pieces at shops.

Inventory:

Armour
 a - a cursed +0 robe (worn)
 d - a +1 wizard hat (worn)
 r - a +0 cloak (worn)
Magical devices
 j - a wand of digging (16)
 v - a wand of cold (10)
Comestibles
 b - 3 meat rations
 i - an apple
 l - 3 bread rations
 s - 2 chunks of giant frog flesh
 t - a rotting chunk of rat flesh
 u - a chunk of rat flesh
Scrolls
 c - a scroll of curse jewellery
 g - 7 scrolls of remove curse
 h - 3 scrolls of teleportation
 m - a scroll of magic mapping
 o - a scroll of identify
 p - 2 scrolls of enchant weapon III {unknown}
Jewellery
 e - a cursed ring of sustenance (left claw)
 q - an uncursed ring of protection from cold {unknown}
Potions
 f - a potion of restore abilities
 n - a potion of curing


   Skills:
 + Level 4.2 Fighting
 + Level 6.1 Dodging
 - Level 1.1 Stealth
 * Level 9.8 Unarmed Combat
 + Level 0.4 Evocations


You had 8 spell levels left.
You didn't know any spells.

Dungeon Overview and Level Annotations

Branches:
Dungeon (7/27)             Temple (1/1) D:4
    Orc: D:6-11

Altars:
Ashenzari
Cheibriados
Fedhas
Kikubaaqudgha
Makhleb
Nemelex Xobeh
Okawaru
Sif Muna
Trog
Vehumet
Xom
Yredelemnul
Zin
the Shining One

Shops:
D:5 =   D:7 (

Portals:
Ziggurat: D:5 (3440 gp)


Innate Abilities, Weirdness & Mutations

You are too large for most types of armour.
You have claws for hands.
Your metabolism is lightning-fast.
You like to eat raw meat.
You heal very quickly.
You can eat rotten meat.
You are covered in fur (AC +1).
You have very tough skin (AC +2).


Message History

* * * LOW HITPOINT WARNING * * *
The orc hits you but does no damage. The centaur hits you!
* * * LOW HITPOINT WARNING * * *
It hits you.
* * * LOW HITPOINT WARNING * * *
The orc closely misses you.
You hit the orc warrior but do no damage.
You claw the orc warrior.
The orc warrior is almost dead.
The orc warrior hits you but does no damage.
The centaur hits you but does no damage.
The orc hits you with an orcish whip.
* * * LOW HITPOINT WARNING * * *
You claw the centaur!
The centaur is almost dead.
The centaur hits you!
* * * LOW HITPOINT WARNING * * *
You hear some strange, mumbled words.
The puff of flame hits you!
Your scroll of recharging catches fire!
You die...

.......# #.....## ##..
........# #.....# #..
........## ##.....## ##..
!........###.......###...
...........$..............
......$..(.[..............
.........(................
.......ooo{..............
....###c@...............#
... ##...............## .
#(..............#
#...............#
................ .........
......... ........
....>...


You could see an orc warrior (bleeding), a centaur (bleeding) and 2 orcs.

Vanquished Creatures
  Grinder (D:4)
  Edmund (D:6)
  A necrophage (D:5)
  2 ogres (D:5)
  2 ice beasts (D:6)
  The ghost of patman the Cudgeler, an average OpFi (D:5)
  A sky beast (D:5)
  2 giant frogs (D:7)
  2 centaurs (D:6)
  2 crimson imps
  4 hounds
  A jelly (D:6)
  An orc priest (D:6)
  2 orc wizards (D:6)
  2 scorpions
  2 worker ants (D:4)
  Jessica (D:3)
  A mummy (D:6)
  2 ogre skeletons (D:4)
  Terence (D:3)
  5 adders
  8 gnolls
  3 worms
  A giant eyeball (D:6)
  6 giant geckos
  2 oozes
  13 orcs
  A ball python (D:4)
  10 bats
  3 giant cockroaches
  10 goblins
  9 hobgoblins
  7 jackals
  10 kobolds
  6 quokkas
  6 giant newts
  A giant spore (D:5)
  An orc skeleton (D:4)
  19 rats
  A rat skeleton (D:4)
  A ballistomycete (D:5)
155 creatures vanquished.

Notes
Turn   | Place    | Note
--------------------------------------------------------------
     0 | D:1      | Sachiko, the Troll Monk, began the quest for the Orb.
     0 | D:1      | Reached XP level 1. HP: 20/20 MP: 0/0
   135 | D:1      | Reached XP level 2. HP: 28/28 MP: 0/0
   950 | D:2      | Reached XP level 3. HP: 35/35 MP: 1/1
   986 | D:2      | Found a burning altar of Makhleb.
   987 | D:2      | Found a radiant altar of Vehumet.
  1509 | D:2      | Reached skill level 5 in Unarmed Combat
  1509 | D:2      | Reached XP level 4. HP: 41/44 MP: 1/1
  1691 | D:3      | Noticed Terence
  1695 | D:3      | Killed Terence
  1853 | D:3      | Found an ancient bone altar of Kikubaaqudgha.
  1853 | D:3      | Found a sparkling altar of Nemelex Xobeh.
  2063 | D:3      | Found a bloodstained altar of Trog.
  2344 | D:3      | Reached XP level 5. HP: 45/50 MP: 1/1
  2379 | D:3      | Noticed Jessica
  2384 | D:3      | Killed Jessica
  2927 | D:4      | Noticed Grinder
  2933 | D:4      | Paralysed by Grinder for 3 turns
  2946 | D:4      | Killed Grinder
  2946 | D:4      | Reached skill level 6 in Unarmed Combat
  2946 | D:4      | Reached XP level 6. HP: 26/59 MP: 2/2
  3207 | D:4      | Reached XP level 7. HP: 60/66 MP: 2/2
  3570 | D:4      | Found a staircase to the Ecumenical Temple.
  3625 | D:5      | Entered Level 5 of the Dungeon
  3689 | D:5      | Noticed an angel
  3693 | D:5      | Found a glowing silver altar of Zin.
  3699 | D:5      | Found a shimmering altar of Xom.
  3718 | D:5      | Reached skill level 7 in Unarmed Combat
  3825 | D:5      | Noticed patman's ghost (average OpFi)
  3836 | D:5      | Killed patman's ghost
  4004 | D:5      | Found a gateway to a ziggurat.
  4004 | D:5      | Noticed an angel
  4030 | D:5      | Found Skaew's Jewellery Emporium.
  4036 | D:5      | Bought an uncursed ring of sustenance for 210 gold pieces
  4077 | D:5      | Reached skill level 8 in Unarmed Combat
  4182 | D:5      | Reached XP level 8. HP: 52/71 MP: 2/2
  4187 | D:5      | Reached skill level 5 in Dodging
  4622 | Temple   | Entered the Ecumenical Temple
  5060 | D:6      | Noticed Edmund
  5088 | D:6      | Reached skill level 9 in Unarmed Combat
  5234 | D:6      | Killed Edmund
  5490 | D:6      | Paralysed by a giant eyeball for 3 turns
  5892 | D:6      | Reached XP level 9. HP: 26/79 MP: 3/3
  5998 | D:7      | Found Klirgh's Weapon Emporium.
  6084 | D:7      | HP: 1/79 [centaur (8)]
  6084 | D:7      | Killed from afar by an orc wizard

Action                   |  1- 3 |  4- 6 |  7- 9 || total
-------------------------+-------+-------+-------++-------
Melee: Unarmed           |   121 |   132 |   205 ||   458
Evoke: Wand              |       |       |     4 ||     4
  Use: Potion            |     4 |     5 |     2 ||    11
       Scroll            |     6 |     8 |     4 ||    18
 Stab: Sleeping          |       |     1 |     2 ||     3
